 Dungeon Crawl Stone Soup version 0.29.1-13-g9f3cf754e1 (webtiles) character file.

Game seed: 3666169100014366575

2631 croobank the Covert (level 9, -5/42 HPs)
             Began as a Felid Delver on Jan 29, 2023.
             Was an Initiate of Gozag.
             Slain by a komodo dragon (27 damage)
             ... on level 1 of the Lair of Beasts on Jan 30, 2023.
             The game lasted 00:51:12 (15875 turns).

croobank the Covert (Felid Delver)                 Turns: 15875, Time: 00:51:12

Health: -5/42      AC:  2    Str:  8    XL:     9   Next: 35%
Magic:  17/20      EV: 27    Int: 16    God:    Gozag
Gold:   209        SH:  0    Dex: 18    Spells: 10/21 levels left
                                        Lives:  0   Deaths: 3

rFire   . . .      SeeInvis +     - Unarmed
rCold   . . .      Faith    .   (shield unavailable)
rNeg    . . .      Spirit   .   (body armour unavailable)
rPois   .          Reflect  .   (helmet unavailable)
rElec   .          Harm     .   (cloak unavailable)
rCorr   +          Rampage  .   (gloves unavailable)
Will    +....                   (boots unavailable)
Stlth   +++++.....              w - amulet of the acrobat
HPRegen 0.14/turn               j - +4 ring of evasion
MPRegen 0.17/turn               p - ring of resist corrosion

@: confusing by touch, gold aura, quick
A: very small, claws 1, fangs 3, see invisible, speed 1, shaggy fur 2, stealthy
paws, no weapons or thrown items, no armour, multi-lived
a: Renounce Religion, Potion Petition, Call Merchant, Bribe Branch


You were on level 1 of the Lair of Beasts.
You worshipped Gozag.
Gozag was aware of your devotion.
You visited 3 branches of the dungeon, and saw 12 of its levels.

You collected 796 gold pieces.
You spent 390 gold pieces at shops.
You paid 197 gold pieces to Gozag.

Inventory:

Jewellery
 g - a ring of flight
 j - a +4 ring of evasion (left paw)
 p - a ring of resist corrosion (right paw)
 w - an amulet of the acrobat (around neck)
Wands
 e - a wand of digging (11)
 n - a wand of polymorph (20)
 o - a wand of mindburst (2)
 y - a wand of paralysis (4)
 B - a wand of quicksilver (6)
Scrolls
 a - 5 scrolls of fog
 f - a scroll of amnesia
 h - 3 scrolls of teleportation
 m - 4 scrolls of magic mapping
 s - 2 scrolls of blinking
 u - a scroll of enchant armour
 v - a scroll of vulnerability
 z - 2 scrolls of torment
 C - a scroll of fear
Potions
 b - 4 potions of curing
 c - 2 potions of brilliance
 d - 2 potions of flight
 i - a potion of berserk rage
 k - 2 potions of might
 q - 3 potions of attraction
 r - 3 potions of cancellation
 t - a potion of mutation
 A - 2 potions of ambrosia {unknown}
 D - a potion of magic


   Skills:
 + Level 6.8 Fighting
 + Level 8.5 Dodging
 + Level 10.9 Stealth
 + Level 6.2 Unarmed Combat
 + Level 6.7 Spellcasting
 * Level 3.1 Conjurations
 - Level 7.0 Hexes
 * Level 6.3 Transmutations
 * Level 3.2 Earth Magic


You had 10 spell levels left.
You knew the following spells:

 Your Spells              Type           Power      Damage    Failure   Level
a - Confusing Touch       Hex            28%        N/A       1%          3
b - Yara's Violent Unrav  Hex/Tmut       13%        3d7       22%         5
c - Stone Arrow           Conj/Erth      30%        3d8       11%         3

Your spell library contained the following spells:

 Spells                   Type           Power      Damage    Failure   Level
 Passwall                 Tmut/Erth      16%        N/A       2%          2
 Sandblast                Erth           30%        2d9       3%          1
 Enfeeble                 Hex            14%        N/A       99%         7
 Haunt                    Necr/Summ      2%         N/A       100%        7
 Infestation              Necr           2%         N/A       100%        8
 Animate Dead             Necr           Unusable   N/A       N/A         4

Dungeon Overview and Level Annotations

Branches:
Dungeon (10/15)            Temple (1/1) D:7            Lair (1/5) D:9
    Orc (0/2) D:9

Altars:
Ashenzari
Cheibriados
Dithmenos
Elyvilon
Fedhas
Gozag
Hepliaklqana
Kikubaaqudgha
Makhleb
Nemelex Xobeh
Okawaru
Qazlal
Ru
Sif Muna
Trog
Uskayaw
Vehumet
Wu Jian
Xom
Yredelemnul
Zin
The Shining One

Shops:
D:4 [   D:6 !

Portals:
Ice
Cave: Lair:1

Annotations:
D:3 3 runed translucent doors, redcrux's ghost, amateur MiFi


Innate Abilities, Weirdness & Mutations

You have sharp claws.
You have razor-sharp teeth.
You have supernaturally acute eyesight. (SInv)
You cover ground quickly. (Speed+)
You are covered in thick fur. (AC +2)
Your paws help you pounce on unaware monsters.
You are incapable of wielding weapons or throwing items.
You cannot wear armour.
You gain extra lives every three experience levels.


Message History

The five-headed hydra is moderately wounded.
The five-headed hydra bites you!
The five-headed hydra closely misses you.
The five-headed hydra bites you! The five-headed hydra bites you.
The five-headed hydra closely misses you.
You scratch the five-headed hydra but do no damage.
The five-headed hydra appears confused.
You bite the five-headed hydra.
The five-headed hydra is moderately wounded.
You catch the helpless five-headed hydra completely off-guard!
You mangle the five-headed hydra!! You bite the five-headed hydra.
The five-headed hydra is almost dead.
You scratch the five-headed hydra.
The five-headed hydra is almost dead.
You claw the five-headed hydra!
You kill the five-headed hydra!
You start resting.
Magic restored.
You start resting.
You hear the loud crackling of a very distant melting archway.
Found 2 stones.
You now have 209 gold pieces (gained 26).
The crackling of melting ice is subsiding rapidly.
The komodo dragon hisses angrily.
The komodo dragon hisses menacingly.
Aiming: Paralyse
Press: ? - help, Shift-Dir - straight line, f - komodo dragon
Aim: a komodo dragon (chance to affect: 31%)
Okay, then.
Aiming: Paralyse
Press: ? - help, Shift-Dir - straight line, f - komodo dragon
Aim: a komodo dragon (chance to affect: 31%)
The komodo dragon easily resists.
Casting: Confusing Touch (safe; 1% risk of failure)
Confirm with . or Enter, or press ? or * to list all spells.
Your paws begin to glow red.
You scratch the komodo dragon but do no damage.
The komodo dragon bites you!!
Ouch! That really hurt!
You die...
Your body crumbles into a pile of gold.

#####...# *,,***,******,*** *
#...# *#..#*^,..,,,,,,* #...#
#..#***.#****,,* #...# #..#
##.### *,,* #####...#
*#.###...P# **,* ....?...#
#.......#* *,** ...##...#
#####.#.....#####,,*
#.#.##..###.##....._.......,**
#...............@l.....#,,***
###P###..##.###........#***
####P.#######.#.###..# ###
###..# #..#.# *..#*******
..###.#.## ##.#.##**...,,,,.#
........# #.#..# *####*,*.#
#####P### #...## **#.# *,* ###
#.#..# #.# ,,******** #.#.##
##.#


You could see a komodo dragon.

Vanquished Creatures
  A hydra (Lair:1)
  2 cane toads (Lair:1)
  A komodo dragon (D:9)
  2 trolls
  A hornet (D:7)
  A shadow (D:9)
  10 yaks
  A wyvern (D:8)
  4 steam dragons
  A basilisk (Lair:1)
  An acid dragon (D:9)
  A water moccasin (Lair:1)
  A sky beast (D:6)
  3 ice beasts
  3 black bears
  3 ogres
  A centaur (D:8)
  A kobold brigand (D:8)
  5 bullfrogs
  A gnoll sergeant (D:9)
  3 necrophages
  5 wights
  An elephant simulacrum (Lair:1)
  12 killer bees (D:9)
  5 howler monkeys
  A vampire bat (D:4)
  4 crimson imps (D:5)
  2 gnoll boudas
  A jelly (D:7)
  An orc priest (D:8)
  2 hounds (D:5)
  Ijyb (D:3)
  4 orc wizards
  2 iguanas (D:5)
  8 gnolls
  9 adders
  A white imp (D:6)
  An ufetubus (D:5)
  13 orcs
  A bat skeleton (D:4)
  4 bat zombies (D:4)
  7 endoplasms
  3 giant cockroaches
  9 goblins
  6 hobgoblins
  A jackal (D:3)
  12 kobolds
  4 quokkas
  4 ball pythons
  4 bats
  4 rats
179 creatures vanquished.

Vanquished Creatures (others)
  22 fungi
  29 plants
51 creatures vanquished.

Grand Total: 230 creatures vanquished

Notes
Turn   | Place    | Note
-------+----------+-------------------------------------------
     0 | D:5      | croobank the Felid Delver began the quest for the Orb.
     0 | D:5      | Reached XP level 1. HP: 10/10 MP: 2/2
   117 | D:5      | Found a shadowy altar of Dithmenos.
   176 | D:4      | Reached XP level 2. HP: 11/14 MP: 3/3
   250 | D:3      | Found a runed translucent gate.
   250 | D:3      | Found a runed translucent gate.
   250 | D:3      | Found a runed translucent gate.
   362 | D:3      | Noticed redcrux's ghost (amateur MiFi)
  1134 | D:1      | Reached skill level 7 in Stealth
  1134 | D:1      | Reached XP level 3. HP: 17/17 MP: 4/4
  1605 | D:2      | Found a faded altar of an unknown god.
  1866 | D:2      | Found a snail-covered altar of Cheibriados.
  2207 | D:2      | Reached XP level 4. HP: 20/21 MP: 5/5
  2514 | D:3      | Noticed Ijyb
  2516 | D:3      | Killed Ijyb
  2880 | D:3      | Reached XP level 5. HP: 15/25 MP: 6/6
  3409 | D:4      | Noticed an ogre
  3430 | D:4      | Learned a level 3 spell: Confusing Touch
  3865 | D:4      | Found Susanowo's Dragon-Slaying Spoils.
  4176 | D:4      | Reached skill level 1 in Hexes
  4240 | D:4      | Found an ancient bone altar of Kikubaaqudgha.
  4258 | D:4      | Reached skill level 1 in Spellcasting
  4527 | D:5      | Found a hazy altar of Hepliaklqana.
  4544 | D:5      | Gained mutation: You are covered in thick fur. (AC +2)
                  | [Felid growth]
  4544 | D:5      | Reached XP level 6. HP: 22/28 MP: 7/9
  5134 | D:5      | HP: 1/25 [orc wizard/magic dart (7)]
  5164 | D:5      | Slain by an ogre
  5165 | D:5      | Reached XP level 5. HP: 0/24 MP: 8/10
  5258 | D:5      | Noticed a black bear
  5263 | D:5      | Killed a black bear
  5264 | D:5      | Reached skill level 5 in Hexes
  5264 | D:5      | Reached XP level 6. HP: 28/28 MP: 11/11
  5453 | D:5      | Found a shimmering altar of Xom.
  5673 | D:5      | Reached XP level 7. HP: 29/32 MP: 8/14
  6334 | D:6      | Found a basalt altar of Yredelemnul.
  6353 | D:6      | Noticed a steam dragon
  6366 | D:6      | Killed a steam dragon
  6367 | D:6      | Reached skill level 1 in Transmutations
  6791 | D:6      | Reached skill level 8 in Stealth
  6824 | D:6      | Reached skill level 5 in Dodging
  6824 | D:6      | Reached XP level 8. HP: 29/36 MP: 13/16
  7231 | D:6      | Found Haisch's Distillery.
  7234 | D:6      | Identified the +5 dagger of Dissolution {vorpal, rElec MP+9
                  | Str+5 Int+2}
  7499 | D:7      | Reached skill level 5 in Spellcasting
  7715 | D:6      | Reached skill level 5 in Fighting
  8206 | D:7      | Reached skill level 9 in Stealth
  8932 | D:6      | Reached XP level 9. HP: 40/40 MP: 12/18
  9194 | D:7      | Found a sparkling altar of Nemelex Xobeh.
  9242 | D:7      | Found a staircase to the Ecumenical Temple.
  9249 | Temple   | Entered the Ecumenical Temple
  9757 | D:8      | Reached skill level 5 in Unarmed Combat
 10258 | D:8      | Found a shimmering blue altar of Sif Muna.
 10765 | D:8      | Found a hide-covered altar of Uskayaw.
 10906 | D:9      | Found a staircase to the Lair.
 10906 | D:9      | Noticed a komodo dragon
 11187 | D:9      | Learned a level 5 spell: Yara's Violent Unravelling
 11364 | D:9      | Reached skill level 10 in Stealth
 11669 | D:10     | Entered Level 10 of the Dungeon
 12489 | D:9      | Noticed a troll
 12494 | D:9      | Killed a troll
 12495 | D:9      | Reached skill level 5 in Transmutations
 12495 | D:9      | Reached XP level 10. HP: 45/45 MP: 20/20
 12608 | D:9      | Learned a level 3 spell: Stone Arrow
 12669 | D:9      | Reached skill level 1 in Conjurations
 12669 | D:9      | Reached skill level 1 in Earth Magic
 13037 | D:9      | Found a staircase to the Orcish Mines.
 13872 | D:10     | Found an opulent altar of Gozag.
 13878 | D:10     | Became a worshipper of Gozag Ym Sagoz the Greedy
 14392 | D:6      | Bought a potion of curing for 45 gold pieces
 14392 | D:6      | Bought a potion of cancellation for 120 gold pieces
 14392 | D:6      | Bought a potion of curing for 45 gold pieces
 14392 | D:6      | Bought a potion of magic for 120 gold pieces
 14392 | D:6      | Bought a potion of might for 60 gold pieces
 14572 | D:10     | Found an ornate altar of the Wu Jian Council.
 14589 | D:10     | Found a glowing silver altar of Zin.
 14993 | Lair:1   | Entered Level 1 of the Lair of Beasts
 15020 | Lair:1   | Noticed a cane toad
 15038 | Lair:1   | Killed a cane toad
 15119 | Lair:1   | Noticed a cane toad
 15129 | Lair:1   | Killed a cane toad
 15217 | Lair:1   | Noticed a boulder beetle
 15440 | Lair:1   | Found a white marble altar of Elyvilon.
 15521 | Lair:1   | Slain by a komodo dragon
 15522 | Lair:1   | Reached XP level 9. HP: -5/42 MP: 18/19
 15674 | Lair:1   | Reached XP level 10. HP: 17/46 MP: 2/21
 15793 | Lair:1   | Found a frozen archway.
 15800 | Lair:1   | Slain by a polar bear simulacrum
 15801 | Lair:1   | Reached XP level 9. HP: -3/42 MP: 20/20
 15812 | Lair:1   | Noticed a five-headed hydra
 15824 | Lair:1   | Killed a five-headed hydra
 15875 | Lair:1   | Slain by a komodo dragon

Illustrated notes

Levels and vault maps discovered:
D:1:      kennysheep_arrival_seaside, layout_loops_ring
D:2:      layout_loops_ring, hellmonk_ecumenical_altar_crossroads, basic_altar
D:3:      minmay_angry_zag, layout_basic, gammafunk_ghost_split, serial_bayou,
          serial_bayou_pond_a, serial_bayou_pond_e, serial_bayou_crossing,
          serial_bayou_pond_d, uniq_ijyb, uniq_crazy_yiuf_cottage
D:4:      layout_basic, kennysheep_vampire_church, nicolae_shop_dragon_depot,
          dk_noncrumbling_2, minivault_26, amcnicky_mini_corridor_feature,
          eino_tiny_chamber
D:5:      minmay_chambers_of_threes, layout_basic, lemuel_round_altar,
          mainiacjoe_overflow_chevrons, led_xom_imps
D:6:      layout_loops_corners, mainiacjoe_overflow_small_starburst,
          serial_shops, shop_fountains, corexii_shack
D:7:      layout_basic, mainiacjoe_overflow_brackets,
          minmay_temple_entry_gardened_gates
D:8:      layout_basic, nicolae_overflow_crystal_walls,
          mainiacjoe_overflow_paths
D:9:      layout_long_grid, david_lair_shrubbed, orc_0_dummy,
          kennysheep_generic_room_5
D:10:     layout_basic, pdpol_temple_overflow_zin_treasury_gozag_greed,
          general_overflow_altar, kennysheep_generic_room_12
Temple:   jpeg_temple_clearing
Lair:1:   lemuel_ratsnest, layout_loops_ring,
          portal_ice_cave_entry_ice_simulacra, basic_altar

Skill      XL: |  1  2  3  4  5  6  7  8  9 10 |
---------------+-------------------------------+-----
Dodging        | 3 4 5 6 7 8 |  8.5
Stealth        | 7 8 9 10 | 10.9
Fighting       | 4 5 6 |  6.8
Unarmed Combat | 3 4 5 6 |  6.2
Hexes          | 5 6 7 |  7.0
Spellcasting   | 3 4 5 6 |  6.7
Transmutations | 1 3 6 |  6.3
Conjurations   | 3 2 |  3.1
Earth Magic    | 3 2 |  3.2

Action                   |  1- 3 |  4- 6 |  7- 9 | 10-12 || total
-------------------------+-------+-------+-------+-------++-------
Melee: Unarmed           |    75 |   183 |   365 |   124 ||   747
       Punch             |     1 |     4 |    25 |    11 ||    41
       Bite              |     3 |    32 |    64 |    20 ||   119
 Cast: Confusing Touch   |       |    10 |    78 |    29 ||   117
       Stone Arrow       |       |       |     3 |     1 ||     4
       Yara's Violent Un |       |       |     2 |     5 ||     7
Evoke: Wand              |       |       |     8 |     2 ||    10
  Use: Scroll            |     1 |     2 |    14 |     6 ||    23
       Potion            |     3 |     3 |     4 |     2 ||    12
 Stab: Sleeping          |    21 |    13 |     8 |     1 ||    43
       Distracted        |       |     1 |       |       ||     1
       Confused          |       |     9 |    46 |    14 ||    69
Armor: Skin              |     2 |    10 |    13 |     4 ||    29
Dodge: Dodged            |    44 |   190 |   355 |   156 ||   745
